 Dungeon Crawl Stone Soup version 0.29.1-2-gbd0b4ee654 (webtiles) character file.

Game seed: 12455253842100959757

25 qeuew the Ducker (level 3, 0/28 HPs)
             Began as a Merfolk Gladiator on Nov 10, 2022.
             Slain by a hound (4 damage)
             ... on level 2 of the Dungeon.
             The game lasted 00:01:01 (639 turns).

qeuew the Ducker (Merfolk Gladiator)                 Turns: 639, Time: 00:01:02

Health: 0/28       AC:  4    Str: 16    XL:     3   Next: 4%
Magic:  3/3        EV: 13    Int:  7    God:
Gold:   19         SH:  5    Dex: 15    Spells: 2/2 levels left

rFire   . . .      SeeInvis .   a - +0 trident
rCold   . . .      Faith    .   (no shield)
rNeg    + . .      Spirit   .   b - +0 leather armour
rPois   .          Reflect  +   c - +0 helmet
rElec   .          Harm     .   (no cloak)
rCorr   .          Rampage  .   (no gloves)
Will    .....                   (no boots)
Stlth   +.........              g - amulet of reflection
HPRegen 0.09/turn               f - ring of positive energy
MPRegen 0.08/turn               (no ring)

@: no status effects
A: (nimble swimmer 2), mertail
a: no special abilities


You were on level 2 of the Dungeon.
You visited 1 branch of the dungeon, and saw 2 of its levels.

You collected 19 gold pieces.

Inventory:

Hand Weapons
 a - a +0 trident (weapon)
Missiles
 d - 3 throwing nets (quivered)
 e - 5 javelins
Armour
 b - a +0 leather armour (worn)
 c - a +0 helmet (worn)
Jewellery
 f - a ring of positive energy (left hand)
 g - an amulet of reflection (around neck)
Scrolls
 i - a scroll of silence
Potions
 h - a potion of might


   Skills:
 + Level 2.5 Fighting
 + Level 4.3 Polearms
 + Level 2.3 Throwing
 + Level 0.5 Armour
 + Level 4.3 Dodging


You had 2 spell levels left.
You didn't know any spells.
Your spell library was empty.

Dungeon Overview and Level Annotations

Branches:
Dungeon (2/15)

Altars:

Shops:
D:1 =


Innate Abilities, Weirdness & Mutations

((You are very nimble when in or above water. (Stealth+, EV+, Speed+++)))
Your lower body shifts to a powerful aquatic tail in water.


Message History

The hobgoblin hits you. The hound bites you.
You barely miss the hound.
The hound is lightly wounded.
A ball python comes into view.
The hound completely misses you. The hobgoblin closely misses you.
The ball python hisses angrily.
You hit the hound.
The hound is moderately wounded.
The hound closely misses you.
The hobgoblin hits you but does no damage.
The hound bites you.
You are too injured to fight recklessly!
You are too injured to fight recklessly!
You are too injured to fight recklessly!
You are too injured to fight recklessly!
You are too injured to fight recklessly!
You are too injured to fight recklessly!
You are too injured to fight recklessly!
You are too injured to fight recklessly!
You are too injured to fight recklessly!
You are too injured to fight recklessly!
You are too injured to fight recklessly!
You are too injured to fight recklessly!
You are too injured to fight recklessly!
You hit the hound.
The hound is severely wounded.
The hound bites you.
* * * LOW HITPOINT WARNING * * *
The hobgoblin hits you.
* * * LOW HITPOINT WARNING * * *
The hound closely misses you.
Unknown command.
You miss the hound.
The hound is severely wounded.
The hound barely misses you. The hobgoblin hits you.
* * * LOW HITPOINT WARNING * * *
You hit the hound.
The hound is almost dead.
The hound bites you.
You die...

##. .#....# .....
...#... #... .......
#####.# .......
###.....### S....
#.).......# ...
####...†.....# ##g##
.............###@..#.###
.###<............h.....#
...........(.#..........
.#############.....g.##.
#.......... ##.....#...
#........[ .......###
.......#


You could see a hound, 2 hobgoblins and a ball python.

Vanquished Creatures
  2 dart slugs (D:1)
  An endoplasm (D:1)
  A giant cockroach (D:1)
  A goblin (D:1)
  4 hobgoblins
  4 frilled lizards
  4 kobolds
  4 rats (D:1)
21 creatures vanquished.

Notes
Turn   | Place    | Note
-------+----------+-------------------------------------------
     0 | D:1      | qeuew the Merfolk Gladiator began the quest for the Orb.
     0 | D:1      | Reached XP level 1. HP: 16/16 MP: 1/1
    95 | D:1      | Found Xucvat's Jewellery Boutique.
   173 | D:1      | Reached XP level 2. HP: 23/23 MP: 2/2
   608 | D:2      | Reached XP level 3. HP: 27/28 MP: 3/3
   639 | D:2      | Slain by a hound

Illustrated notes

Levels and vault maps discovered:
D:1:      ebering_hopf_link, layout_loops_ring, serial_shops, shop,
          minmay_curled_crystal
D:2:      layout_rooms, serial_shops, nicolae_square_shop,
          minmay_increasing_density

Action                   || total
-------------------------++-------
Melee: Trident           ||    58
       Punch             ||     2
  Use: Scroll            ||     4
 Stab: Sleeping          ||     4
Armor: Leather armour    ||     5
Dodge: Dodged            ||    26
Block: Other             ||     3
